 Dungeon Crawl Stone Soup version 0.29.0-4-gdea44cf6ec (webtiles) character file.

Game seed: 16475162788389870291

29 qw the Sneak (level 3, -5/23 HPs)
             Began as a Gargoyle Delver on Sept 10, 2022.
             Slain by a gnoll
             ... wielding a +0 flail
             ... led by a gnoll bouda
              (10 damage)
             ... on level 3 of the Dungeon.
             The game lasted 00:00:03 (230 turns).

qw the Sneak (Gargoyle Delver)                       Turns: 230, Time: 00:00:03

Health: -5/23      AC:  9    Str: 17    XL:     3   Next: 16%
Magic:  3/3        EV:  9    Int: 10    God:
Gold:   0          SH:  0    Dex: 11    Spells: 2/2 levels left

rFire   . . .      SeeInvis .   Y - +1 hand axe
rCold   . . .      Faith    .   (no shield)
rNeg    + . .      Spirit   .   c - +0 scale mail
rPois   inf        Reflect  .   (no helmet)
rElec   +          Harm     .   (no cloak)
rCorr   .          Rampage  .   (no gloves)
Will    .....                   (no boots)
Stlth   +.........              (no amulet)
HPRegen 0.07/turn               (no ring)
MPRegen 0.08/turn               (no ring)

@: no status effects
A: sickness immunity, AC +3, negative energy resistance 1, electricity
resistance, torment resistance 1, petrification resistance
a: no special abilities


You were on level 3 of the Dungeon.
You visited 1 branch of the dungeon, and saw 3 of its levels.


Innate Abilities, Weirdness & Mutations

You are immune to sickness and miasma.
Your stone body is resilient. (AC +3)
You are immune to poison.
You resist negative energy. (rN+)
You are resistant to electric shocks. (rElec)
You are resistant to unholy torment.
You are immune to petrification.


   Skills:
 - Level 3.2 Fighting
 - Level 3.2 Axes
 + Level 0.1 Armour
 - Level 1.5 Dodging
 - Level 5.4 Stealth


You had 2 spell levels left.
You didn't know any spells.
Your spell library was empty.

Inventory:

Hand Weapons
 Y - a +1 hand axe (weapon)
Armour
 c - a +0 scale mail (worn)
Wands
 g - a wand of digging (3)
Potions
 f - a potion of haste

Dungeon Overview and Level Annotations

Branches:
Dungeon (5/15)
 Temple: D:4-7

Altars:


Message History

The gnolls pick up the pace!
You barely miss the gnoll.
A gnoll comes into view. It is wielding a +0 spear.
The gnoll hits you but does no damage.
You barely miss the gnoll. You closely miss the gnoll.
The gnoll barely misses you. x2
The gnoll bouda barks out a call to the hunt!
The gnoll picks up the pace!
The gnoll shouts!
You hit the gnoll.
The gnoll is lightly wounded.
You closely miss the gnoll. You closely miss the giant cockroach.
The gnoll hits you but does no damage. The gnoll closely misses you.
The giant cockroach barely misses you.
You hit the gnoll.
The gnoll is moderately wounded.
You hit the giant cockroach.
You hit the gnoll bouda but do no damage.
The gnoll hits you from afar with a +0 spear.
The giant cockroach bites you but does no damage.
The gnoll barely misses you.
You hit the giant cockroach.
You kill the giant cockroach!
You hit the gnoll but do no damage. You hit the gnoll.
You closely miss the gnoll bouda. The gnoll hits you but does no damage.
The gnoll hits you with a +0 flail. The gnoll hits you but does no damage.
The gnoll bouda hits you with a +0 club.
You hit the gnoll.
The gnoll is almost dead.
You hit the gnoll. You hit the gnoll bouda.
The gnoll hits you from afar with a +0 spear.
The gnoll hits you but does no damage. The gnoll hits you with a +0 club.
The gnoll bouda hits you but does no damage.
The gnoll hits you but does no damage.
You hit the gnoll.
You kill the gnoll!
You hit the gnoll but do no damage. You hit the gnoll bouda.
The gnoll hits you with a +0 flail!
You die...

##.# ...
~~ .###
#..#
######..#
.......>#
........#
######)@#
#gg# #g.#
#..# #...
#..# #..#
#..#


You could see a gnoll bouda and 2 gnolls.

Vanquished Creatures
  A jelly (D:4)
  A gnoll (D:3)
  A giant cockroach (D:3)
3 creatures vanquished.

Notes
Turn   | Place    | Note
-------+----------+-------------------------------------------
     0 | D:5      | qw the Gargoyle Delver began the quest for the Orb.
     0 | D:5      | Reached XP level 1. HP: 14/14 MP: 1/1
     0 | D:5      | 0 ||| qw: Version: 0.1-a-116-g5d60599
     0 | D:5      | 0 ||| qw: Game counter: 8960
     0 | D:5      | 0 ||| qw: Always use a shield: true
     0 | D:5      | 0 ||| qw: God list: Okawaru
     0 | D:5      | 0 ||| qw: Allow faded altars: false
     0 | D:5      | 0 ||| qw: Do Orc after D:15 true
     0 | D:5      | 0 ||| qw: Do second Lair branch before Depths: true
     0 | D:5      | 0 ||| qw: Lair rune preference: random
     0 | D:5      | 0 ||| qw: Plans: Normal
     0 | D:5      | 0 ||| PLANNING D:1-11
     3 | D:5      | 3 ||| DROPPING scroll of fog.
     4 | D:5      | 4 ||| DROPPING scroll of magic mapping.
     5 | D:5      | 5 ||| DROPPING scroll of fear.
    12 | D:4      | Noticed a jelly
    15 | D:4      | Killed a jelly
    16 | D:4      | Reached skill level 3 in Axes
    16 | D:4      | Reached XP level 2. HP: 15/19 MP: 2/2
    16 | D:4      | Reached XP level 3. HP: 19/23 MP: 3/3
   100 | D:4      | 100 ||| UPGRADING to +0 scale mail.
   110 | D:4      | 110 ||| DROPPING +0 leather armour.
   111 | D:4      | 111 ||| READING scroll labelled NIUSENK ZUIKK.
   212 | D:4      | 212 ||| READING scroll labelled KOOLOT TIETAONK.
   229 | D:3      | HP: 5/23 [gnoll/+0 club[a gnoll bouda] (2)]
   230 | D:3      | Slain by a gnoll

Levels and vault maps discovered:
D:3:      layout_basic, serial_shops, nicolae_shop_hallway_plus,
          minmay_misc_feat_columns, chequers_serial_rivers_micro_a, uniq_grinder
D:4:      layout_loops_cross, minmay_temple_entry_trees, minmay_joined_circles
D:5:      layout_gridville

Skill      XL: |  1 |
---------------+----+-----
Axes           | 3 |  3.2
Fighting       | |  3.2
Armour         | |  0.1
Dodging        | |  1.5
Stealth        | |  5.4

Action                   || total
-------------------------++-------
Melee: Hand axe          ||    10
  Use: Scroll            ||     2
Armor: Scale mail        ||     8
Dodge: Dodged            ||     7

Table legend:
 A = Non-vault XP
 B = Vault XP
 C = Vault XP percentage of total XP
 D = Non-vault monster count
 E = Vault monster count
 F = Vault count percentage of total count
                 A         B        C        D         E       F
            +---------+---------+-------+---------+---------+-------
      Total |      55 |       0 |   0.0 |       3 |       0 |   0.0
            +---------+---------+-------+---------+---------+-------
        D:3 |      15 |       0 |   0.0 |       2 |       0 |   0.0
        D:4 |      40 |       0 |   0.0 |       1 |       0 |   0.0
            +---------+---------+-------+---------+---------+-------
